 Dungeon Crawl Stone Soup version 0.22-a0-248-gc8378ba (webtiles) character file.

464 JeffiDaFish the Firebug (level 6, -13/45 HPs)
             Began as a Draconian Fire Elementalist on Feb 28, 2018.
             Was a Follower of Vehumet.
             Killed by divine providence
             ... invoked by an orc priest
              (16 damage)
             ... on level 4 of the Dungeon.
             The game lasted 00:11:43 (4617 turns).

JeffiDaFish the Firebug (DrFE)                      Turns: 4617, Time: 00:11:43

Health: -13/45     AC:  9    Str: 10    XL:     6   Next: 80%
Magic:  3/12       EV: 12    Int: 17    God:    Vehumet [*.....]
Gold:   189        SH:  0    Dex: 12    Spells: 2/13 levels left

rFire    . . .     SeeInvis .   e - +1 dagger (elec)
rCold    . . .     Gourm    .   (no shield)
rNeg     . . .     Faith    .   (armour unavailable)
rPois    .         Spirit   .   (helmet restricted)
rElec    .         Reflect  .   (no cloak)
rCorr    .         Harm     .   (no gloves)
MR       .....                  i - +2 pair of boots
Stlth    ++........             (no amulet)
HPRegen  0.15/turn              (no ring)
MPRegen  0.13/turn              (no ring)

@: very slightly contaminated
A: unfitting armour, mutation resistance 1, cold-blooded, AC +6
a: Renounce Religion


You were on level 4 of the Dungeon.
You worshipped Vehumet.
Vehumet was aware of your devotion.
You were not hungry.

You visited 1 branch of the dungeon, and saw 4 of its levels.

You collected 189 gold pieces.

Inventory:

Hand Weapons
 c - a +0 dagger
 e - a +1 dagger of electrocution (weapon)
Armour
 d - a +2 buckler
 i - a +2 pair of boots (worn)
Wands
 b - a wand of disintegration (16)
Scrolls
 f - 5 scrolls of identify
 g - a scroll of remove curse
Comestibles
 a - 3 rations


   Skills:
 - Level 0.1 Fighting
 - Level 1.8 Dodging
 - Level 2.2 Stealth
 * Level 4.3 Spellcasting
 + Level 3.0 Conjurations
 * Level 5.4 Fire Magic


You had 2 spell levels left.
You knew the following spells:

 Your Spells              Type           Power        Failure   Level  Hunger
a - Flame Tongue          Conj/Fire      ###..        2%          1    None
b - Conjure Flame         Conj/Fire      ###.....     9%          3    ###....
c - Sticky Flame          Conj/Fire      ###.....     26%         4    ####...
d - Inner Flame           Hex/Fire       ##......     16%         3    ###....


Dungeon Overview and Level Annotations

Branches:
Dungeon (4/15)
 Temple: D:4-7

Altars:
Gozag
Hepliaklqana
Kikubaaqudgha
Okawaru
Sif Muna
Vehumet
Xom
Zin


Innate Abilities, Weirdness & Mutations

Your plain brown scales are hard. (AC +6)
You cannot fit into any form of body armour.
You are cold-blooded and may be slowed by cold attacks.
You are somewhat resistant to further mutation.


Message History

Press: ? - help, Shift-Dir - straight line, f - orc warrior
Aim: an orc warrior, wielding a dire flail and wearing a chain mail The sticky flame hits the orc warrior.
The orc warrior appears unharmed.
The orc warrior is covered in liquid flames!
The orc warrior burns!
The orc warrior hits you with a dire flail!
You hit the orc warrior but do no damage.
The orc warrior is lightly wounded.
The orc warrior burns!
The orc warrior hits you with a dire flail.
The orc priest casts a cantrip, but nothing happens.
You hit the orc warrior but do no damage.
The orc warrior is moderately wounded.
The orc warrior burns!
The orc warrior hits you with a dire flail!!
Ouch! That really hurt!
* * * LOW HITPOINT WARNING * * *
The orc priest invokes the aid of Beogh against you.
Beogh smites you!
You die...

#..###......#...#.###
#..##.....)...#.#.)..
#..##..###..#.#.#####
#..#..#.###.#.#.##
#....####.###....#
#..###.....##....####
#..oo................
#.####.#.###.[.....#[
#...@oo..##........#.
######.####.##...#.#.
#<# #.##.....#. #.#
#..[.###... #.#
#...## ##..
#.####....###..#
#..........#....
######.........#
#..##....##


You could see an orc warrior (burning) and an orc priest.

Vanquished Creatures
  Grinder (D:3)
  A hound (D:4)
  An orc wizard (D:4)
  A worker ant (D:4)
  4 gnolls (D:4)
  4 adders
  An ooze (D:4)
  An adder skeleton (D:4)
  A worm (D:4)
  4 dart slugs
  3 leopard geckos
  9 orcs
  7 bats
  6 giant cockroaches
  3 goblins
  6 hobgoblins
  2 quokkas
  A ball python (D:4)
  11 frilled lizards
  9 kobolds
  A leopard gecko skeleton (D:4)
  6 rats
83 creatures vanquished.

Vanquished Creatures (others)
  A human (D:2)
1 creature vanquished.

Grand Total: 84 creatures vanquished

Notes
Turn   | Place    | Note
-------+----------+-------------------------------------------
     0 | D:1      | JeffiDaFish the Draconian Fire Elementalist began the quest for the Orb.
     0 | D:1      | Reached XP level 1. HP: 14/14 MP: 3/3
   520 | D:1      | Reached XP level 2. HP: 20/20 MP: 3/5
  1172 | D:1      | Reached XP level 3. HP: 26/26 MP: 3/6
  1674 | D:2      | Found an ancient bone altar of Kikubaaqudgha.
  1866 | D:2      | Found an iron altar of Okawaru.
  2377 | D:2      | Noticed a human
  2379 | D:2      | Killed a human
  2577 | D:3      | Found an ancient bone altar of Kikubaaqudgha.
  2577 | D:3      | Found a deep blue altar of Sif Muna.
  2579 | D:3      | Found a radiant altar of Vehumet.
  2581 | D:3      | Identified Kikubaaqudgha's Incunabulum of Unholy Magic
  2592 | D:3      | Became a worshipper of Vehumet
  2637 | D:3      | Reached XP level 4. HP: 33/33 MP: 4/8
  2814 | D:3      | Found an opulent altar of Gozag.
  2814 | D:3      | Found a glowing silver altar of Zin.
  3057 | D:3      | Found a hazy altar of Hepliaklqana.
  3057 | D:3      | Noticed Grinder
  3063 | D:3      | Paralysed by Grinder for 7 turns
  3088 | D:3      | Killed Grinder
  3088 | D:3      | Reached skill level 4 in Fire Magic
  3088 | D:3      | Reached XP level 5. HP: 16/38 MP: 5/10
  3088 | D:3      | Reached XP level 6. HP: 18/45 MP: 5/11
  3341 | D:3      | Learned a level 3 spell: Conjure Flame
  3346 | D:3      | Learned a level 4 spell: Sticky Flame
  3356 | D:3      | Found a shimmering altar of Xom.
  3523 | D:4      | Reached skill level 5 in Fire Magic
  3668 | D:4      | Gained mutation: Your spells are a little easier to cast, but a little less powerful. [potion of mutation]
  3668 | D:4      | Lost mutation: Your spells are a little easier to cast, but a little less powerful. [potion of mutation]
  3668 | D:4      | Gained mutation: You are somewhat resistant to further mutation. [potion of mutation]
  3966 | D:4      | Reached * piety under Vehumet
  3966 | D:4      | Offered knowledge of Freeze by Vehumet.
  3995 | D:4      | Learned a level 3 spell: Inner Flame
  3996 | D:4      | Noticed an orc warrior
  4617 | D:4      | Killed from afar by an orc priest

Vault maps used:
D:1:      lightli_molten_gateway
D:2:      nicolae_overflow_crystal_walls, minmay_door_square, tgw_kikubaaqudgha
D:3:      grunt_temple_overflow_gold_and_silver,
          grunt_temple_overflow_magic_moments, nicolae_overflow_hidden_temple,
          marbit_many_paths, columned_hall_lemuel, uniq_grinder
D:4:      first_ration, guppyfry_early_orc_mine

Skill      XL: |  1  2  3  4  5  6 |
---------------+-------------------+-----
Stealth        | 2 |  2.2
Spellcasting   | 3 4 |  4.3
Conjurations   | 2 3 |  3.0
Fire Magic     | 4 5 |  5.4
Fighting       | |  0.1
Dodging        | |  1.8

Action                   |  1- 3 |  4- 6 || total
-------------------------+-------+-------++-------
Melee: Unarmed           |     8 |       ||     8
       Tailslap          |     7 |     5 ||    12
       Dagger            |    88 |    72 ||   160
 Cast: Flame Tongue      |    33 |    27 ||    60
       Sticky Flame      |       |     3 ||     3
       Conjure Flame     |       |     2 ||     2
       Inner Flame       |       |     2 ||     2
Evoke: Wand              |       |     3 ||     3
  Use: Potion            |     5 |     4 ||     9
       Scroll            |     6 |     4 ||    10
 Stab: Sleeping          |     3 |     6 ||     9
  Eat: Chunk             |     6 |     7 ||    13
Armor: Skin              |    34 |    24 ||    58
Dodge: Dodged            |    74 |    44 ||   118

Table legend:
 A = Spawn XP
 B = Non-spawn XP
 C = Spawn XP percentage of total XP
 D = Spawn monster count
 E = Non-spawn monster count
 F = Spawn count percentage of total count
 G = Total turns spent on level
                    A         B        C        D         E        F      G
               +---------+---------+-------+---------+---------+-------+---------
         Total |       0 |     663 |   0.0 |       0 |      83 |   0.0 |  4617
               +---------+---------+-------+---------+---------+-------+---------
           D:1 |       0 |      44 |   0.0 |       0 |      29 |   0.0 |  1497
           D:2 |       0 |      28 |   0.0 |       0 |      10 |   0.0 |   899
           D:3 |       0 |     349 |   0.0 |       0 |      18 |   0.0 |  1217
           D:4 |       0 |     242 |   0.0 |       0 |      26 |   0.0 |  1004
               +---------+---------+-------+---------+---------+-------+---------
